[Event "December 5 Late 2023"]
[Site "https://www.chess.com"]
[Date "2023.12.05"]
[Round "3"]
[White "Nadeev, Sergey"]
[Black "De Souza, Cristiano Gomes"]
[Result "1-0"]
[Board "159"]
[TimeControl "180+1"]
[WhiteFideId "4180038"]
[BlackFideId "2151758"]
[WhiteElo "2447"]
[BlackElo "2239"]
[WhiteTeam "RUS"]
[BlackTeam "BRA"]
[WhiteClock "0:01:54"]
[BlackClock "0:02:09"]

1. e4 c5 2. Nf3 d6 3. d4 cxd4 4. Nxd4 Nf6 5. Nc3 a6 6. Bg5 e6 7. f4 Be7 8. Qf3 h6 9. Bh4 g5 10. fxg5 Nfd7 11. O-O-O Bxg5+ 12. Bxg5 Qxg5+ 13. Kb1 Ne5 14. Qh3 Ke7 15. Be2 Nbc6 16. Nf3 Bd7 17. Nxg5 hxg5 18. Qg3 f6 19. h4 gxh4 20. Rxh4 Rag8 21. Rh7+ Kd8 22. Rxh8 Rxh8 23. Qg7 Rh2 24. Qxf6+ Kc7 25. Qe7 Rxg2 26. Qxd6+ Kc8 27. Bc4 Nxc4 28. Qxd7+ Kb8 29. Qxe6 Nd2+ 30. Kc1 Nf3 31. Qd6+ Ka8 32. Qf8+ 1-0

[Event "December 5 Late 2023"]
[Site "https://www.chess.com"]
[Date "2023.12.05"]
[Round "3"]
[White "Liu, Casper"]
[Black "Clawitter, Craig"]
[Result "1-0"]
[Board "160"]
[TimeControl "180+1"]
[WhiteFideId "1454153"]
[BlackFideId "2023105"]
[WhiteElo "2446"]
[BlackElo "2235"]
[WhiteTeam "DEN"]
[BlackTeam "USA"]
[WhiteClock "0:00:56"]
[BlackClock "0:00:45"]

1. d4 e6 2. Bf4 Nf6 3. Nd2 c5 4. e3 Nc6 5. Ngf3 b6 6. c3 Bb7 7. Bd3 Be7 8. O-O Nh5 9. Be5 d6 10. Bg3 Nxg3 11. hxg3 O-O 12. Rc1 cxd4 13. cxd4 a6 14. Qe2 b5 15. Bb1 Rc8 16. Qd3 g6 17. a3 Na5 18. e4 Rxc1 19. Rxc1 Qa8 20. b4 Nc4 21. Nxc4 bxc4 22. Rxc4 d5 23. exd5 Bxd5 24. Rc7 Bf6 25. Qe3 Rd8 26. Qf4 Kg7 27. Ne5 Rf8 28. Nd7 Bd8 29. Nxf8 Bxc7 30. Nxe6+ Bxe6 31. Qxc7 Qd5 32. Qe5+ Qxe5 33. dxe5 Kf8 34. Bd3 Ke7 35. Bxa6 1-0

[Event "December 5 Late 2023"]
[Site "https://www.chess.com"]
[Date "2023.12.05"]
[Round "3"]
[White "Floresvillar Gonzalez, Luis Migu"]
[Black "Dubreuil, Julien"]
[Result "0-1"]
[Board "161"]
[TimeControl "180+1"]
[WhiteFideId "5100542"]
[BlackFideId "621285"]
[WhiteElo "2215"]
[BlackElo "2389"]
[WhiteTeam "MEX"]
[BlackTeam "FRA"]
[WhiteClock "0:01:12"]
[BlackClock "0:01:50"]

1. d4 Nf6 2. c3 g6 3. Bg5 Bg7 4. Nd2 O-O 5. e4 d6 6. Bd3 Nc6 7. Ngf3 e5 8. d5 Ne7 9. Bxf6 Bxf6 10. h4 h5 11. Qc2 c6 12. Ng5 cxd5 13. exd5 Nxd5 14. Bxg6 Bxg5 15. hxg5 Qxg5 16. Bxh5 Bf5 17. Ne4 Qf4 18. Bf3 Kg7 19. Rh5 Rh8 20. Rg5+ Qxg5 21. Nxg5 Bxc2 22. Kd2 e4 23. Nxe4 Bxe4 24. Bxe4 Nf6 25. Bxb7 Rab8 26. Bf3 Rxb2+ 27. Kd3 Rxf2 28. a4 Nd7 29. Rb1 Ne5+ 30. Ke3 Rc2 31. Rb7 Rxc3+ 32. Kd4 Rd3+ 33. Ke4 Rh4+ 34. Kf5 Nxf3 35. gxf3 Rxf3+ 36. Kg5 Rh1 37. Rxa7 Rg1+ 38. Kh4 Rf6 39. Ra5 Rh6+ 0-1

[Event "December 5 Late 2023"]
[Site "https://www.chess.com"]
[Date "2023.12.05"]
[Round "3"]
[White "Einarsson, Halldor Gretar"]
[Black "Melikhov, Evgeny V."]
[Result "0-1"]
[Board "162"]
[TimeControl "180+1"]
[WhiteFideId "2300150"]
[BlackFideId "4122046"]
[WhiteElo "2215"]
[BlackElo "2387"]
[WhiteTeam "ISL"]
[BlackTeam "GRE"]
[WhiteClock "0:00:00"]
[BlackClock "0:00:38"]

1. d4 Nf6 2. c4 e6 3. g3 Bb4+ 4. Bd2 Be7 5. Nf3 d5 6. Nc3 dxc4 7. Qa4+ Nc6 8. Qxc4 O-O 9. Bg2 Bd6 10. O-O e5 11. dxe5 Nxe5 12. Nxe5 Bxe5 13. Rfd1 c6 14. Bg5 Qe7 15. f4 Bc7 16. Ne4 Qe6 17. Qxe6 fxe6 18. Nc3 h6 19. Bxf6 gxf6 20. e4 Rd8 21. Kf2 Kf7 22. Rxd8 Bxd8 23. Rd1 Bc7 24. Kf3 a5 25. Bf1 a4 26. a3 Ra5 27. Bc4 Rc5 28. Ba2 b5 29. Rd2 Ke7 30. Rc2 Ba5 31. Nd5+ Kd6 32. e5+ fxe5 33. fxe5+ Kxe5 34. Rxc5 exd5 35. Rxc6 Bd7 36. Rc5 Kd6 37. Rxd5+ Kc7 38. Rh5 Bd2 39. Ke2 Bc1 0-1

[Event "December 5 Late 2023"]
[Site "https://www.chess.com"]
[Date "2023.12.05"]
[Round "3"]
[White "Bullen, Alex"]
[Black "Mickiewicz, Piotr"]
[Result "0-1"]
[Board "163"]
[TimeControl "180+1"]
[WhiteFideId "1801627"]
[BlackFideId "1114891"]
[WhiteElo "2209"]
[BlackElo "2386"]
[WhiteTeam "WLS"]
[BlackTeam "POL"]
[WhiteClock "0:00:16"]
[BlackClock "0:01:16"]

1. e4 e5 2. Nf3 Nc6 3. d4 exd4 4. Bc4 Nf6 5. O-O d6 6. Nxd4 Be7 7. Bg5 O-O 8. Nc3 h6 9. Bh4 Nxe4 10. Bxe7 Qxe7 11. Nd5 Qd8 12. Nf4 Qf6 13. Nxc6 bxc6 14. Nh5 Qe5 15. Re1 Nxf2 16. Rxe5 Nxd1 17. Re7 Nxb2 18. Bb3 Bg4 19. Nf4 d5 20. h3 Bf5 21. Rb1 Nc4 22. Bxc4 dxc4 23. Rxc7 Rfc8 24. Rxc8+ Rxc8 25. c3 Bxb1 0-1

[Event "December 5 Late 2023"]
[Site "https://www.chess.com"]
[Date "2023.12.05"]
[Round "3"]
[White "Chaika, Vitalii"]
[Black "Vila Dupla, Aurelio"]
[Result "1-0"]
[Board "164"]
[TimeControl "180+1"]
[WhiteFideId "14111802"]
[BlackFideId "2203383"]
[WhiteElo "2385"]
[BlackElo "2208"]
[WhiteTeam "UKR"]
[BlackTeam "ESP"]
[WhiteClock "0:00:04"]
[BlackClock "0:00:00"]

1. d4 Nf6 2. Bf4 g6 3. e3 Bg7 4. h3 O-O 5. Nf3 d5 6. c3 c5 7. Nbd2 b6 8. Bd3 Bb7 9. O-O Nc6 10. Qe2 Nd7 11. Rfd1 e5 12. dxe5 Ndxe5 13. Nxe5 Nxe5 14. Ba6 Bc6 15. a4 Re8 16. Bb5 Qd7 17. Bxc6 Qxc6 18. Nf3 Rad8 19. Nxe5 Bxe5 20. Bxe5 Rxe5 21. Qb5 Rc8 22. Rd2 Qb7 23. a5 Qc6 24. Qxc6 Rxc6 25. axb6 axb6 26. Rad1 Rd6 27. c4 d4 28. exd4 Rxd4 29. Rxd4 cxd4 30. Rxd4 Re1+ 31. Kh2 Re2 32. b4 Rxf2 33. Rd6 Rc2 34. Rc6 Rc3 35. b5 Kg7 36. Kg1 h5 37. Kf2 h4 38. Ke2 Rc2+ 39. Kf3 Kh6 40. Rc7 f5 41. Rc6 Kg5 42. Ke3 Rxg2 43. Rxb6 Rg3+ 44. Kf2 Rxh3 45. c5 Rc3 46. Rc6 h3 47. b6 h2 48. Kg2 Rc2+ 49. Kh1 Rb2 50. Rc7 Rb5 51. Kxh2 f4 52. b7 1-0

[Event "December 5 Late 2023"]
[Site "https://www.chess.com"]
[Date "2023.12.05"]
[Round "3"]
[White "Narva, Triin"]
[Black "Su, Dion"]
[Result "0-1"]
[Board "165"]
[TimeControl "180+1"]
[WhiteFideId "4502680"]
[BlackFideId "2029731"]
[WhiteElo "2198"]
[BlackElo "2376"]
[WhiteTeam "EST"]
[BlackTeam "USA"]
[WhiteClock "0:01:36"]
[BlackClock "0:02:30"]

1. e4 e6 2. d4 d5 3. Nd2 Nf6 4. e5 Nfd7 5. Bd3 c5 6. c3 Nc6 7. Ne2 cxd4 8. cxd4 f6 9. exf6 Nxf6 10. O-O Bd6 11. f4 Qb6 12. Nf3 O-O 13. Kh1 Bd7 14. Ne5 Be8 15. h3 Bh5 16. g4 Be8 17. b3 Ne4 18. Bxe4 dxe4 19. Bb2 Bxe5 20. dxe5 Rd8 21. Qc2 Nb4 22. Qxe4 Bc6 23. Ng3 Bxe4+ 24. Nxe4 Qc6 0-1

[Event "December 5 Late 2023"]
[Site "https://www.chess.com"]
[Date "2023.12.05"]
[Round "3"]
[White "Shtivelband, Richard"]
[Black "Quirke, Jeffrey"]
[Result "1-0"]
[Board "166"]
[TimeControl "180+1"]
[WhiteFideId "2017342"]
[BlackFideId "2013029"]
[WhiteElo "2373"]
[BlackElo "2179"]
[WhiteTeam "USA"]
[BlackTeam "USA"]
[WhiteClock "0:00:21"]
[BlackClock "0:00:00"]

1. d3 g6 2. d4 Bg7 3. e4 d6 4. Nc3 c5 5. dxc5 Qa5 6. Bd3 Qxc5 7. Nge2 Nc6 8. Kf1 Nf6 9. Kg1 a6 10. Be3 Qa5 11. h3 b5 12. a3 Bb7 13. Kh2 O-O 14. Qd2 Rfe8 15. Rhd1 Ne5 16. f4 Nxd3 17. cxd3 Rac8 18. b4 Qc7 19. Rac1 Qb8 20. g4 Nd7 21. Ng3 Ba8 22. h4 Nb6 23. h5 d5 24. Bxb6 Qxb6 25. Nxd5 Bxd5 26. exd5 Qd6 27. hxg6 hxg6 28. Ne4 Qxd5 29. Nc5 a5 30. Qg2 Qxg2+ 31. Kxg2 axb4 32. axb4 e5 33. f5 Red8 34. fxg6 fxg6 35. Ne6 Rxc1 36. Rxc1 Rxd3 37. Rc8+ Kf7 38. Ng5+ Kf6 39. Ne4+ Ke7 40. Rc7+ Rd7 41. Rc5 Rd4 42. Kf3 Rxb4 43. Rc7+ Kf8 44. Ng5 e4+ 45. Ke2 Be5 46. Ne6+ Kg8 47. Rc5 Bf6 48. g5 Bb2 49. Ke3 Kf7 50. Rc6 Ke7 51. Nf4 Rc4 52. Rxg6 Bd4+ 53. Kxe4 Bb2+ 54. Kf5 b4 55. Nd5+ Kd8 56. Ke6 Re4+ 57. Kd6 Be5+ 58. Kc6 Rc4+ 59. Kb5 Rd4 60. Kc5 Rd1 61. Re6 Bf4 62. g6 b3 63. Rb6 Rg1 64. Nxf4 Rg4 65. Rxb3 Rxf4 66. Rg3 Rf8 67. Kd6 Ke8 68. Ke6 Rf1 69. g7 Re1+ 70. Kd6 Rd1+ 71. Kc5 Rc1+ 72. Kb4 1-0

[Event "December 5 Late 2023"]
[Site "https://www.chess.com"]
[Date "2023.12.05"]
[Round "3"]
[White "Martine, Jean-Christophe"]
[Black "Donchenko, Anatoly"]
[Result "0-1"]
[Board "167"]
[TimeControl "180+1"]
[WhiteFideId "603651"]
[BlackFideId "4106091"]
[WhiteElo "2179"]
[BlackElo "2373"]
[WhiteTeam "FRA"]
[BlackTeam "GER"]
[WhiteClock "0:00:39"]
[BlackClock "0:00:35"]

1. d4 d5 2. Nf3 Nf6 3. Nbd2 c5 4. e3 Bg4 5. c3 e6 6. Qa4+ Nbd7 7. Ne5 Bf5 8. Ndf3 a6 9. dxc5 Bxc5 10. Nxd7 Nxd7 11. Nd4 Bg6 12. Qd1 O-O 13. Bd3 Bxd3 14. Qxd3 Ne5 15. Qe2 b5 16. O-O Qc7 17. Nf3 Nxf3+ 18. Qxf3 a5 19. e4 dxe4 20. Qxe4 Rfd8 21. Bf4 Qb6 22. Bg3 h6 23. Rfd1 b4 24. cxb4 axb4 25. Qc4 Bd4 26. Qb3 Rd5 27. Rd3 Rad8 28. Rad1 Qb5 29. Kh1 Bf6 30. Rxd5 Rxd5 31. h3 Rxd1+ 32. Qxd1 Bxb2 33. Qd8+ Kh7 34. Qd3+ g6 35. Qf3 Kg7 36. Qb3 Bf6 37. Kh2 h5 38. h4 Qc5 39. Qa4 Qd4 40. Qb3 Bxh4 41. Bxh4 Qxh4+ 42. Kg1 Qd4 43. Qf3 Qa1+ 44. Kh2 Qxa2 45. Qe3 Qd5 46. g3 b3 47. Qc3+ e5 48. f4 Qb5 49. Qb2 f6 50. fxe5 fxe5 51. Kh3 Kf6 52. Kh4 Qc4+ 53. Kh3 Qc2 54. Qa3 b2 55. Qd6+ Kf5 56. Qd7+ Ke4 57. Qb7+ Ke3 58. Qb6+ Ke2 59. Qb5+ Kf2 60. Qb6+ Kf3 61. Qb7+ e4 62. Qf7+ Ke3 63. Qa7+ Ke2 64. Qa6+ Qd3 65. Qa2 Qc2 66. Qa6+ Qd3 67. Qa2 Kd1 68. Qa4+ Kc1 69. Qc6+ Kd2 70. Qxg6 b1=Q 71. Qg5+ Kd1 72. Qxh5+ Qe2 73. Qd5+ Qbd3 74. Qg5 Qef3 75. Kh4 Qxg3+ 76. Qxg3 Qxg3+ 77. Kxg3 e3 78. Kf3 e2 0-1

[Event "December 5 Late 2023"]
[Site "https://www.chess.com"]
[Date "2023.12.05"]
[Round "3"]
[White "Figorito, Nick"]
[Black "Petersson, Kjell"]
[Result "1-0"]
[Board "168"]
[TimeControl "180+1"]
[WhiteFideId "30923689"]
[BlackFideId "1705148"]
[WhiteElo "2372"]
[BlackElo "2167"]
[WhiteTeam "USA"]
[BlackTeam "SWE"]
[WhiteClock "0:00:22"]
[BlackClock "0:00:20"]

1. Nf3 f5 2. e4 fxe4 3. Ng5 Nf6 4. d3 e3 5. fxe3 e5 6. Be2 d5 7. O-O Bd6 8. Bh5+ g6 9. Be2 O-O 10. c4 h6 11. Nf3 Be6 12. Nc3 dxc4 13. dxc4 Nbd7 14. e4 Kh7 15. h3 Nh5 16. Nd5 Nc5 17. b4 Nxe4 18. Bd3 Bf5 19. c5 Be7 20. Nxe7 Qxe7 21. g4 Nhg3 22. gxf5 gxf5 23. Re1 Rg8 24. Kh2 Nf2 25. Qc2 Nxd3 26. Qxd3 e4 27. Qd2 Qf6 28. Bb2 Qg6 29. Nh4 Qh5 30. Qd7+ 1-0

[Event "December 5 Late 2023"]
[Site "https://www.chess.com"]
[Date "2023.12.05"]
[Round "3"]
[White "YurasovMat-2012"]
[Black "Duncan, Chris R"]
[Result "1-0"]
[Board "169"]
[TimeControl "180+1"]
[BlackFideId "403091"]
[WhiteElo "2371"]
[BlackElo "2165"]
[BlackTeam "ENG"]
[WhiteClock "0:00:18"]
[BlackClock "0:00:08"]

1. e4 e6 2. d3 d5 3. Nd2 c5 4. g3 Nc6 5. Bg2 Nf6 6. Ne2 Be7 7. O-O b5 8. exd5 exd5 9. c4 b4 10. Nf4 Bg4 11. Qa4 Bd7 12. Qd1 dxc4 13. Nxc4 O-O 14. Re1 Rc8 15. b3 Re8 16. Bb2 Bg4 17. Bf3 Bxf3 18. Qxf3 Nd4 19. Bxd4 Qxd4 20. Rad1 Bf8 21. h3 Rcd8 22. Qb7 Rd7 23. Qc6 Rde7 24. Rxe7 Rxe7 25. Nd6 g6 26. Nc4 Bg7 27. Qa8+ Re8 28. Qc6 g5 29. Ng2 h6 30. Nge3 Re6 31. Qa8+ Kh7 32. Qxa7 g4 33. Qxf7 Ra6 34. Nf5 Qd7 35. Qxg7+ Qxg7 36. Nxg7 Kxg7 37. Rd2 Nd5 38. hxg4 Nc3 39. Kg2 Nxa2 40. d4 cxd4 41. Rxd4 Nc3 42. Ne3 Rb6 43. Rd7+ Kg6 44. f4 Ne4 45. Kf3 Nc3 46. Rc7 Rd6 47. Nc4 Rd3+ 48. Kg2 Kf6 49. Ne5 Rd2+ 50. Kf3 Rb2 51. Rc6+ Ke7 52. f5 Rxb3 53. f6+ Kf8 54. Rc8# 1-0

[Event "December 5 Late 2023"]
[Site "https://www.chess.com"]
[Date "2023.12.05"]
[Round "3"]
[White "Vanek, Tomas"]
[Black "Buenafe Moya, Javier"]
[Result "0-1"]
[Board "170"]
[TimeControl "180+1"]
[WhiteFideId "313459"]
[BlackFideId "2206412"]
[WhiteElo "2161"]
[BlackElo "2369"]
[WhiteTeam "CZE"]
[BlackTeam "ESP"]
[WhiteClock "0:00:02"]
[BlackClock "0:00:22"]

1. e4 e5 2. Nf3 Nc6 3. c3 Nf6 4. d4 d5 5. dxe5 Nxe4 6. Bd3 Bc5 7. O-O Bg4 8. b4 Bb6 9. b5 Nxe5 10. Bxe4 dxe4 11. Qxd8+ Rxd8 12. Nxe5 Be2 13. Re1 f6 14. Nd2 e3 15. fxe3 Bxe3+ 16. Kh1 Bxd2 17. Rxe2 Bxc3 18. Nf3+ Kf7 19. Bb2 Bxb2 20. Rxb2 g5 21. a4 g4 22. Nh4 Rd7 23. Rc2 h5 24. h3 gxh3 25. gxh3 Re8 26. Kh2 Re4 27. Nf5 Rf4 28. Ne3 Rf3 29. Re2 Rd3 30. Rae1 h4 31. a5 Rb3 32. b6 cxb6 33. axb6 axb6 34. Nf1 Rxh3+ 35. Kg2 b5 36. Re7+ Kg6 37. R1e2 Rhc3 38. Rxb7 h3+ 39. Kh2 Rb1 40. Ng3 Rbb3 41. Nf1 b4 42. Rb8 f5 43. Rb6+ Kg5 44. Ree6 Rb2+ 45. Kh1 Rf3 46. Rg6+ Kf4 47. Rg1 b3 48. Rb4+ Ke5 49. Ng3 Rff2 50. Rb5+ Kd6 51. Nxf5+ Kc6 52. Rc1+ Kxb5 53. Nd4+ Kb6 54. Rc6+ Kb7 55. Rc1 Rh2+ 56. Kg1 Rbg2+ 57. Kf1 Rh1# 0-1

[Event "December 5 Late 2023"]
[Site "https://www.chess.com"]
[Date "2023.12.05"]
[Round "3"]
[White "Azali, Tannaz"]
[Black "th3d4rkness"]
[Result "1-0"]
[Board "171"]
[TimeControl "180+1"]
[WhiteFideId "12537721"]
[WhiteElo "2369"]
[BlackElo "2149"]
[WhiteTeam "IRI"]
[WhiteClock "0:00:41"]
[BlackClock "0:00:00"]

1. Nf3 Nf6 2. g3 g6 3. Bg2 Bg7 4. O-O O-O 5. c4 d6 6. Nc3 c5 7. Rb1 Nc6 8. a3 a5 9. d3 e5 10. Bg5 h6 11. Bxf6 Bxf6 12. Nd5 Bg7 13. b4 axb4 14. axb4 b6 15. Nd2 Ra7 16. bxc5 bxc5 17. e3 Be6 18. Qb3 Bxd5 19. cxd5 Nb4 20. d4 exd4 21. exd4 Bxd4 22. h4 h5 23. Ne4 Qc7 24. Rfc1 Rfa8 25. Qf3 Qe7 26. Re1 Ra1 27. Kh2 Rxb1 28. Rxb1 Ra1 29. Rb3 Be5 30. Ng5 Nc2 31. Rb8+ Kg7 32. Qb3 Nd4 33. Qb7 Ra7 34. Qc8 Bxg3+ 35. fxg3 1-0

[Event "December 5 Late 2023"]
[Site "https://www.chess.com"]
[Date "2023.12.05"]
[Round "3"]
[White "Nita, Lucian"]
[Black "Clarke, Adani"]
[Result "1-0"]
[Board "172"]
[TimeControl "180+1"]
[WhiteFideId "1206923"]
[BlackFideId "7402082"]
[WhiteElo "2364"]
[BlackElo "2146"]
[WhiteTeam "ROU"]
[BlackTeam "JAM"]
[WhiteClock "0:01:09"]
[BlackClock "0:01:18"]

1. e4 e6 2. d3 d5 3. Nd2 Nf6 4. Ngf3 dxe4 5. dxe4 Bc5 6. Bb5+ c6 7. Be2 O-O 8. c3 Nbd7 9. Qc2 b5 10. a4 bxa4 11. Rxa4 Nb6 12. Ra1 Bb7 13. b4 Be7 14. O-O c5 15. b5 Qc7 16. Re1 Rfd8 17. Bf1 h6 18. Nc4 Nxc4 19. Bxc4 Rd7 20. g3 e5 21. Nd2 Rad8 22. f3 Ba8 23. Nf1 Ne8 24. Ne3 Nd6 25. Nd5 Bxd5 26. Bxd5 Nxb5 27. Bxf7+ Kxf7 28. Qb3+ Kf8 29. Qxb5 Rd1 30. Be3 Rxa1 31. Rxa1 Rb8 32. Qa6 Rb7 33. Qe6 Rb6 34. Qd5 Rf6 35. Qa8+ Kf7 36. Rxa7 Qd6 37. Qd5+ Qxd5 38. exd5 Ke8 39. Kg2 Rb6 40. Rxe7+ 1-0

[Event "December 5 Late 2023"]
[Site "https://www.chess.com"]
[Date "2023.12.05"]
[Round "3"]
[White "Joubert, Dantelle"]
[Black "Kostiukov, Alexandr"]
[Result "0-1"]
[Board "173"]
[TimeControl "180+1"]
[WhiteFideId "14310813"]
[BlackFideId "14108100"]
[WhiteElo "2148"]
[BlackElo "2358"]
[WhiteTeam "RSA"]
[BlackTeam "UKR"]
[WhiteClock "0:00:00"]
[BlackClock "0:02:01"]

1. d4 g6 2. c4 Bg7 3. Nc3 d6 4. e4 e5 5. dxe5 dxe5 6. Qxd8+ Kxd8 7. Nf3 f6 8. Be3 Be6 9. O-O-O+ Nd7 10. Kb1 Nh6 11. h3 Nf7 12. Be2 Bh6 13. Bxh6 Nxh6 14. g4 Nf7 15. Rhg1 c6 16. h4 h6 17. g5 Ke7 18. gxf6+ Kxf6 19. Rd2 g5 20. Nd1 Nc5 21. hxg5+ hxg5 22. Bd3 g4 23. Ne1 Nd6 24. f3 gxf3 25. Nxf3 Nxd3 26. Rxd3 Nxc4 0-1

[Event "December 5 Late 2023"]
[Site "https://www.chess.com"]
[Date "2023.12.05"]
[Round "3"]
[White "Estevez Polanco, Leonardo Rafael"]
[Black "Hernandez Jimenez, Alexander Andres"]
[Result "1-0"]
[Board "174"]
[TimeControl "180+1"]
[WhiteFideId "6402798"]
[BlackFideId "3900452"]
[WhiteElo "2139"]
[BlackElo "2357"]
[WhiteTeam "DOM"]
[BlackTeam "VEN"]
[WhiteClock "0:02:05"]
[BlackClock "0:01:06"]

1. e4 c5 2. Nf3 d6 3. d4 cxd4 4. c3 d3 5. Bxd3 Nf6 6. O-O Nc6 7. Qe2 e6 8. h3 Be7 9. Rd1 Qc7 10. Bf4 O-O 11. Nbd2 Ne5 12. Nxe5 dxe5 13. Bg3 b6 14. Nf3 Bd6 15. Rd2 Bb7 16. Rad1 Rfd8 17. Bb5 a6 18. Bd3 Nh5 19. Bh2 Nf4 20. Bxf4 exf4 21. Bc2 e5 22. Bb3 Be7 23. Bd5 Bxd5 24. Rxd5 Rxd5 25. Rxd5 f6 26. Qd3 b5 27. Rd7 Rd8 28. Qd5+ 1-0

[Event "December 5 Late 2023"]
[Site "https://www.chess.com"]
[Date "2023.12.05"]
[Round "3"]
[White "Gutkin, Ilya"]
[Black "Mangialardo, Tiago Carvalho"]
[Result "1-0"]
[Board "175"]
[TimeControl "180+1"]
[WhiteFideId "16203470"]
[BlackFideId "2130718"]
[WhiteElo "2354"]
[BlackElo "2085"]
[WhiteTeam "GER"]
[BlackTeam "BRA"]
[WhiteClock "0:01:36"]
[BlackClock "0:00:01"]

1. e4 Nf6 2. e5 Nd5 3. c4 Nb6 4. d4 d6 5. f4 g6 6. Nf3 Bg7 7. Nc3 O-O 8. Be3 dxe5 9. fxe5 Nc6 10. h3 f6 11. exf6 Bxf6 12. Be2 e5 13. dxe5 Bh4+ 14. Bf2 Bxf2+ 15. Kxf2 Qxd1 16. Raxd1 Nxe5 17. b3 Bd7 18. Kg3 Rae8 19. c5 Nxf3 20. Bxf3 Re3 21. cxb6 Bc6 22. Nd5 Bxd5 23. Rxd5 axb6 24. Rd7 Rc3 25. Re1 Rf7 26. Ree7 Rxe7 27. Rxe7 Rc2 28. Bxb7 c5 29. a4 Rc3+ 30. Kf4 Kf8 31. Re3 Rc2 32. Bd5 Rd2 33. Ke5 Ke7 34. Rf3 Re2+ 35. Be4 Re1 36. g4 Re2 37. g5 Rb2 38. h4 Rh2 39. Rf6 Rxh4 40. Rxb6 Rg4 41. Rb7+ Kd8 42. Rxh7 Rxg5+ 43. Kd6 Ke8 44. Bd5 Kf8 45. Rf7+ Ke8 46. Rg7 Kf8 47. Rg8# 1-0

[Event "December 5 Late 2023"]
[Site "https://www.chess.com"]
[Date "2023.12.05"]
[Round "3"]
[White "Yushko, Olga"]
[Black "Micic, Aleksa"]
[Result "0-1"]
[Board "176"]
[TimeControl "180+1"]
[WhiteFideId "14114500"]
[BlackFideId "989940"]
[WhiteElo "2122"]
[BlackElo "2351"]
[WhiteTeam "UKR"]
[BlackTeam "SRB"]
[WhiteClock "0:00:29"]
[BlackClock "0:00:11"]

1. d4 Nf6 2. c4 g6 3. Nc3 d5 4. Nf3 Bg7 5. e3 O-O 6. Be2 dxc4 7. Bxc4 c5 8. O-O Nc6 9. Re1 cxd4 10. exd4 Bg4 11. Be3 e6 12. Be2 Nd5 13. Bg5 Qd7 14. Ne5 Nxe5 15. Bxg4 Nxg4 16. Qxg4 Nb4 17. Rad1 Nc2 18. Re2 Nxd4 19. Red2 h6 20. Be3 f5 21. Rxd4 Qxd4 22. Qxd4 Bxd4 23. Rxd4 Rfd8 24. Rxd8+ Rxd8 25. Bxh6 b5 26. a3 a5 27. Kf1 b4 28. axb4 axb4 29. Nb5 Rd1+ 30. Ke2 Rb1 31. Nd4 Rxb2+ 32. Kf3 e5 33. Nc6 e4+ 34. Kg3 b3 35. Nd4 Ra2 36. Nxb3 Ra3 37. Kh4 Rxb3 38. Be3 Kf7 39. Kg5 Rb8 40. Bf4 Rh8 41. Bg3 Rh5+ 42. Kf4 Kf6 43. h4 Rh8 44. Ke3 g5 45. hxg5+ Kxg5 46. Be5 Re8 47. Bf4+ Kg4 48. Bd6 Rd8 49. Be5 Rd3+ 50. Ke2 Ra3 51. Bd6 f4 52. f3+ exf3+ 53. gxf3+ Rxf3 54. Ke1 Rb3 55. Kf2 f3 56. Be5 Ra3 57. Bd4 Ra2+ 58. Kf1 Kh3 59. Bc5 Ra4 60. Bb6 Kg4 61. Bc5 Rc4 62. Bb6 Kg3 63. Bf2+ Kg4 64. Be3 Rc2 65. Bb6 Kg3 66. Ba5 Rc1+ 67. Be1+ Rxe1+ 68. Kxe1 Kg2 0-1

[Event "December 5 Late 2023"]
[Site "https://www.chess.com"]
[Date "2023.12.05"]
[Round "3"]
[White "Ghosh, Chanchal Kumer"]
[Black "Cooper, Aaron"]
[Result "1-0"]
[Board "177"]
[TimeControl "180+1"]
[WhiteFideId "10201858"]
[BlackFideId "2634945"]
[WhiteElo "2083"]
[BlackElo "2346"]
[WhiteTeam "BAN"]
[BlackTeam "CAN"]
[WhiteClock "0:00:26"]
[BlackClock "0:00:51"]

1. e4 c5 2. Nf3 d6 3. d4 cxd4 4. Nxd4 Nf6 5. Nc3 g6 6. f4 Nbd7 7. Bb5 a6 8. e5 dxe5 9. fxe5 axb5 10. exf6 Nxf6 11. Ndxb5 Qxd1+ 12. Nxd1 Kd8 13. Bf4 Nd5 14. Bg3 Bd7 15. Nd4 Bg7 16. c3 b5 17. O-O Ke8 18. Re1 b4 19. Be5 f6 20. Bd6 bxc3 21. Nxc3 Kf7 22. Nxd5 exd6 23. Re7+ Kf8 24. Rxd7 Bh6 25. Ne6+ Ke8 26. Nxf6# 1-0

[Event "December 5 Late 2023"]
[Site "https://www.chess.com"]
[Date "2023.12.05"]
[Round "3"]
[White "Kappeler, Kaspar"]
[Black "Oliveira, Tiago Batista"]
[Result "1-0"]
[Board "178"]
[TimeControl "180+1"]
[WhiteFideId "1309072"]
[BlackFideId "2108291"]
[WhiteElo "2327"]
[BlackElo "2083"]
[WhiteTeam "SUI"]
[BlackTeam "BRA"]
[WhiteClock "0:00:20"]
[BlackClock "0:00:05"]

1. c4 Nf6 2. Nc3 g6 3. Nf3 Bg7 4. e4 d6 5. d4 O-O 6. Be2 e5 7. O-O Nc6 8. d5 Ne7 9. b4 a5 10. Ba3 axb4 11. Bxb4 Ne8 12. a4 f5 13. Nd2 f4 14. Bg4 Bxg4 15. Qxg4 Qc8 16. Qxc8 Nxc8 17. a5 Nf6 18. c5 Nd7 19. cxd6 Nxd6 20. Bxd6 cxd6 21. Nb5 Rf6 22. Nb3 Bf8 23. Rfc1 Rf7 24. Rc7 Nf6 25. Rac1 Nxe4 26. Rxf7 Kxf7 27. Rc7+ Kf6 28. Rxb7 Be7 29. Nc7 Rc8 30. a6 Bd8 31. a7 Bxc7 32. Rxc7 Ra8 33. Na5 Nc5 34. Nc6 Na4 35. Rb7 1-0

[Event "December 5 Late 2023"]
[Site "https://www.chess.com"]
[Date "2023.12.05"]
[Round "3"]
[White "Lutz, Igor Oscar"]
[Black "youngdinousaur"]
[Result "0-1"]
[Board "179"]
[TimeControl "180+1"]
[WhiteFideId "2110806"]
[WhiteElo "2075"]
[BlackElo "2325"]
[WhiteTeam "BRA"]
[WhiteClock "0:00:14"]
[BlackClock "0:00:57"]

1. d4 Nf6 2. c4 e6 3. g3 d5 4. Nf3 dxc4 5. Ne5 a6 6. Nxc4 b5 7. Ne5 Bb7 8. f3 c5 9. Be3 c4 10. Bg2 Nc6 11. Nxc6 Bxc6 12. O-O Be7 13. a3 O-O 14. Nc3 a5 15. Bf2 b4 16. axb4 axb4 17. Rxa8 Qxa8 18. Nb1 Qa2 19. Qc2 c3 20. Nxc3 bxc3 21. Qxc3 Bb7 22. Qc7 Qxb2 23. Qxe7 Ba6 24. e4 Bxf1 25. Bxf1 Ra8 26. d5 exd5 27. exd5 Nxd5 28. Qe4 Qd2 29. Bc4 Ra1+ 30. Kg2 Nf6 31. Qe5 Ra8 32. Qc7 Rf8 33. Kg1 h6 34. Bc5 Qc1+ 35. Kg2 Qxc4 36. Qd6 Qe2+ 37. Kh3 Qf1+ 38. Kh4 g5# 0-1

[Event "December 5 Late 2023"]
[Site "https://www.chess.com"]
[Date "2023.12.05"]
[Round "3"]
[White "Feliz Dotel, Dewar Bienvenido"]
[Black "Mazzilli, Piero"]
[Result "0-1"]
[Board "180"]
[TimeControl "180+1"]
[WhiteFideId "6402801"]
[BlackFideId "807087"]
[WhiteElo "2074"]
[BlackElo "2324"]
[WhiteTeam "DOM"]
[BlackTeam "ITA"]
[WhiteClock "0:00:00"]
[BlackClock "0:00:04"]

1. d4 d5 2. e3 c6 3. c4 e6 4. Nf3 Bd6 5. Bd3 Nd7 6. O-O f5 7. b3 Qe7 8. a4 Ngf6 9. Ba3 Bxa3 10. Nxa3 O-O 11. Nb1 Ne4 12. Nfd2 Ndf6 13. Bxe4 fxe4 14. f3 e5 15. cxd5 exd4 16. fxe4 dxe3 17. Nc4 Qxe4 18. Nc3 Qe8 19. dxc6 Bg4 20. Qd4 Rd8 21. Qxe3 Qxc6 22. Ne5 Qb6 23. Qxb6 axb6 24. Rxf6 Rxf6 25. Nxg4 Rc6 26. Nb5 Rc2 27. Rf1 h5 28. Ne3 Re2 29. Nc4 Rd3 30. h3 Ra2 31. Rf3 Rd1+ 32. Kh2 Rb1 33. Rg3 Rbb2 34. Ne5 Kh7 35. Nd7 h4 36. Rg4 g5 37. Nxb6 Ra1 38. Rxg5 Kh6 39. Rg4 Kh5 40. Nd4 Rbb1 41. Rxh4+ Kxh4 42. Nf3+ Kh5 43. Nd5 Rxb3 44. Nf6+ Kg6 45. Ne4 Ra2 0-1